 Dungeon Crawl Stone Soup version 0.28.0-43-g3370ac3207 (webtiles) character file.

Game seed: 9774398960462647721

12150 adizb the Geomancer (level 11, -14/91 (92) HPs)
             Began as a Deep Dwarf Monk on Mar 7, 2022.
             Was a High Priest of Vehumet.
             Demolished by nickcage's ghost (21 damage)
             ... on level 1 of the Lair of Beasts.
             The game lasted 01:24:47 (7444 turns).

adizb the Geomancer (Deep Dwarf Monk)               Turns: 7444, Time: 01:24:47

HP:   -14/91 (92)   AC:  7    Str: 15    XL:     11   Next: 58%
MP:   0/23 (5)      EV: 16    Int: 13    God:    Vehumet [*****.]
Gold: 455           SH:  7    Dex: 15    Spells: 8/21 levels left

rFire   . . .      SeeInvis +   D - +1 war axe
rCold   . . .      Faith    .   p - +1 buckler
rNeg    . . .      Spirit   .   r - +0 robe "Vipulet" {rPois Slay+3 SInv}
rPois   +          Reflect  .   (no helmet)
rElec   .          Harm     .   E - +0 cloak
rCorr   .          Rampage  .   d - +1 pair of gloves
Will    +....                   y - +1 pair of boots
Stlth   +++.......              a - amulet of the acrobat
HPRegen 0.00/turn               o - ring of magical power
MPRegen 0.18/turn               x - ring of magical power

@: studying Axes, lightly drained
A: damage resistance, heal wounds, sense surroundings 2, no regeneration, dopey
1
a: Heal Wounds, Renounce Religion


You were on level 1 of the Lair of Beasts.
You worshipped Vehumet.
Vehumet was extremely pleased with you.
You visited 2 branches of the dungeon, and saw 10 of its levels.
You also visited: Ossuary.

You collected 455 gold pieces.

Inventory:

Hand Weapons
 D - a +1 war axe (weapon)
Missiles
 l - 226 stones
 n - 23 poisoned darts
Armour
 d - a +1 pair of gloves (worn)
 p - a +1 buckler (worn)
 r - the +0 robe "Vipulet" (worn) {rPois Slay+3 SInv}
   (You found it on level 2 of the Dungeon)

   Slay:      It affects your accuracy & damage with ranged weapons and melee
   (+3).
   rPois:     It protects you from poison.
   SInv:      It lets you see invisible.
 y - a +1 pair of boots (worn)
 B - a +0 pair of boots
 E - a +0 cloak (worn)
 L - +0 steam dragon scales
Jewellery
 a - an amulet of the acrobat (around neck)
 e - an amulet of guardian spirit
 o - a ring of magical power (left hand)
 x - a ring of magical power (right hand)
 z - a +6 ring of strength
 M - a ring of protection from cold
Wands
 m - a wand of polymorph (17)
 v - a wand of acid (12)
 F - a wand of flame (38)
 G - a wand of mindburst (11)
Scrolls
 b - a scroll of fear
 g - 3 scrolls of blinking
 i - 7 scrolls of teleportation
 t - 4 scrolls of magic mapping
 w - 4 scrolls of fog
 A - 3 scrolls of amnesia
 I - a scroll of silence
 K - 2 scrolls of torment {unknown}
Potions
 h - 3 potions of cancellation
 k - 3 potions of brilliance
 q - a potion of haste
 u - 2 potions of curing
 J - a potion of ambrosia
Miscellaneous
 c - a box of beasts (inert)


   Skills:
 + Level 4.3 Fighting
 + Level 8.1 Axes
 - Level 3.0 Armour
 * Level 8.5 Dodging
 - Level 6.5 Stealth
 * Level 7.7 Shields
 * Level 5.9 Spellcasting
 - Level 3.0 Conjurations
 + Level 1.2 Transmutations
 + Level 3.9 Fire Magic
 * Level 9.1 Earth Magic
 - Level 3.0 Poison Magic
 - Level 3.0 Invocations
 - Level 5.6 Evocations


You had 8 spell levels left.
You knew the following spells:

 Your Spells              Type           Power      Damage    Failure   Level
a - Sandblast             Erth           54%        2d13      1%          1
b - Scorch                Fire           28%        2d6       1%          2
c - Olgreb's Toxic Radia  Pois           11%        N/A       16%         4
d - Flame Wave            Conj/Fire      12%        2d6       13%         4
e - Wereblood             Tmut           6%         N/A       19%         2

Your spell library contained the following spells:

 Spells                   Type           Power      Damage    Failure   Level
 Ozocubu's Refrigeration  Ice            1%         4d5       100%        7
 Foxfire                  Conj/Fire      48%        2x1d6     1%          1
 Conjure Flame            Conj/Fire      12%        6-21      4%          3
 Inner Flame              Hex/Fire       8%         N/A       8%          3
 Hailstorm                Conj/Ice       7%         3d4       28%         4
 Sublimation of Blood     Necr           3%         N/A       32%         2
 Ice Form                 Ice/Tmut       5%         N/A       86%         4
 Simulacrum               Ice/Necr       1%         N/A       100%        6
 Summon Cactus Giant      Summ           1%         N/A       100%        6
 Summon Hydra             Summ           1%         N/A       100%        7


Dungeon Overview and Level Annotations

Branches:
Dungeon (9/15)             Temple (0/1) D:7            Lair (1/6) D:9
    Orc (0/2) D:9         Ossuary (visited)

Altars:
Dithmenos
Fedhas
Gozag
Hepliaklqana
Okawaru
Sif Muna
Uskayaw
Vehumet
Wu Jian

Shops:
D:8 (

Annotations:
Lair:1 croobank's ghost, novice FeDe; nickcage's ghost, novice MiFi


Innate Abilities, Weirdness & Mutations

You are resistant to damage.
You can heal yourself by infusing magical energy.
You passively map the area around you.
You do not regenerate.
You are dopey. (Int -2)


Message History

You closely miss nickcage's ghost.
Nickcage's ghost is heavily damaged.
Your extra speed is starting to run out.
You hit nickcage's ghost.
Nickcage's ghost is heavily damaged.
You hit nickcage's ghost.
Nickcage's ghost is severely damaged.
Nickcage's ghost hits you!
* * * LOW HITPOINT WARNING * * *
You barely miss nickcage's ghost.
Nickcage's ghost is severely damaged.
Nickcage's ghost hits you!
* * * LOW HITPOINT WARNING * * *
Casting: Scorch (safe; 1% risk of failure)
Press: ? - help, Q - select action, (/) - cycle Dir - look around, f - activate You can't see that place. [a rock wall.] Flames lash nickcage's ghost.
Nickcage's ghost is severely damaged.
Nickcage's ghost's fire resistance burns away.
Nickcage's ghost hits you.
Casting: Scorch (safe; 1% risk of failure)
Press: ? - help, Q - select action, (/) - cycle Dir - look around, f - activate Flames lash nickcage's ghost.
Nickcage's ghost is severely damaged.
Casting: Scorch (safe; 1% risk of failure)
Press: ? - help, Q - select action, (/) - cycle Dir - look around, f - activate Flames lash croobank's ghost.
Croobank's ghost is heavily damaged.
Croobank's ghost's fire resistance burns away.
Nickcage's ghost hits you!
* * * LOW HITPOINT WARNING * * *
You hit nickcage's ghost but do no damage.
Nickcage's ghost is severely damaged.
You feel yourself slow down. Nickcage's ghost completely misses you.
You slash nickcage's ghost!
Nickcage's ghost is almost destroyed.
Nickcage's ghost hits you!!
You die...

##..# ####'''### #...#
#..## ####.....W..# #...#
##..# #...P......H#
##..##
#...#######.........#P#
##.#.#
..##..............#####
#...##
...#†..............#
#...#
....##.###..#....W.#
##...# #...####
###..###W## #....####
#...#########...@##
#........
#....#.....#######
##....... #...#.......#
##....##. #...#.......#
##...###* ##......P...#
##.†..# ##.........#
##....## ##........#
######.....#
##.......#####.††......##
##.#....#.............#


You could see croobank's ghost (combustible) and nickcage's ghost (combustible).

Vanquished Creatures
  A boulder beetle (D:9)
  A hydra (Lair:1)
  The ghost of croobank the Summoner, a journeyman GrFE of Hepliaklqana (Lair:1)
  The ghost of Jenx the Blocker, a novice GrFi of Trog (Lair:1)
  An ugly thing (D:9)
  A black mamba (Lair:1)
  A hornet (D:6)
  5 blink frogs (Lair:1)
  Sigmund (D:4)
  A wraith (D:7)
  15 yaks
  2 wyverns (D:9)
  2 steam dragons
  3 basilisks
  Menkaure (D:4)
  3 water moccasins (D:9)
  5 ogres
  2 ice beasts
  4 orc warriors
  A sky beast (D:5)
  4 centaurs
  2 kobold brigands
  4 bullfrogs
  2 scorpions
  A gnoll sergeant (D:8)
  A water moccasin zombie (D:7)
  A water moccasin skeleton (D:5)
  26 killer bees
  A wight (D:9)
  An electric eel (D:6)
  2 howler monkeys (D:9)
  2 centaur zombies
  A bullfrog zombie (D:4)
  5 orc priests
  A jelly (D:7)
  A centaur skeleton (D:5)
  3 hounds
  A bullfrog skeleton (D:5)
  4 iguanas
  2 orc wizards
  2 hound skeletons (D:4)
  4 mummies (Ossuary)
  6 adders
  5 gnolls (D:8)
  2 adder zombies (D:4)
  2 worms
  4 dart slugs
  15 orcs
  7 ball pythons
  5 endoplasms
  2 giant cockroaches
  2 gnoll zombies (Ossuary)
  7 hobgoblins
  2 jackals (D:2)
  5 kobolds
  6 quokkas
  4 bats
  8 frilled lizards
  4 gnoll skeletons (Ossuary)
  5 goblins
  A goblin skeleton (Ossuary)
  6 goblin zombies (Ossuary)
  6 hobgoblin skeletons (Ossuary)
  3 hobgoblin zombies (Ossuary)
  6 kobold skeletons (Ossuary)
  4 kobold zombies (Ossuary)
  3 orc skeletons (Ossuary)
  3 orc zombies (Ossuary)
  5 rats
  5 rat skeletons (Ossuary)
  7 rat zombies (Ossuary)
  3 butterflies
266 creatures vanquished.

Vanquished Creatures (others)
  12 fungi
  25 plants
  A withered plant (D:4)
38 creatures vanquished.

Grand Total: 304 creatures vanquished

Notes
Turn   | Place    | Note
-------+----------+-------------------------------------------
     0 | D:1      | adizb the Deep Dwarf Monk began the quest for the Orb.
     0 | D:1      | Reached XP level 1. HP: 20/20 MP: 1/1
   117 | D:1      | Reached XP level 2. HP: 27/27 MP: 2/2
   295 | D:1      | Reached skill level 1 in Invocations
   357 | D:1      | Found a faded altar of an unknown god.
   366 | D:1      | Prayed at the altar of an unknown god.
   366 | D:1      | Became a worshipper of Vehumet
   366 | D:1      | Reached * piety under Vehumet
   366 | D:1      | Offered knowledge of Sandblast by Vehumet.
   366 | D:1      | Reached ** piety under Vehumet
   487 | D:1      | Learned a level 1 spell: Sandblast
   700 | D:1      | Offered knowledge of Poisonous Vapours by Vehumet.
   701 | D:1      | Reached skill level 1 in Shields
   846 | D:2      | Reached XP level 3. HP: 13/33 MP: 4/4
   857 | D:2      | Offered knowledge of Ignite Poison by Vehumet.
   870 | D:2      | Reached skill level 1 in Armour
  1046 | D:2      | Reached skill level 1 in Earth Magic
  1054 | D:2      | Reached *** piety under Vehumet
  1062 | D:2      | Reached XP level 4. HP: 27/40 MP: 4/4
  1078 | D:2      | Identified the +0 robe "Vipulet" {rPois Slay+3 SInv}
  1117 | D:2      | Learned a level 2 spell: Scorch
  1613 | D:3      | Offered knowledge of Hailstorm by Vehumet.
  2015 | D:4      | Noticed an ogre
  2029 | D:4      | Killed an ogre
  2030 | D:4      | Reached skill level 1 in Spellcasting
  2030 | D:4      | Reached skill level 1 in Evocations
  2030 | D:4      | Reached XP level 5. HP: 30/49 MP: 5/5
  2089 | D:4      | Noticed Sigmund
  2105 | D:4      | Killed Sigmund
  2106 | D:4      | Reached skill level 2 in Earth Magic
  2106 | D:4      | Reached XP level 6. HP: 15/56 MP: 2/7
  2180 | D:4      | Reached skill level 1 in Fire Magic
  2321 | D:4      | Found a hide-covered altar of Uskayaw.
  2324 | D:4      | Noticed a +0 dagger
  2324 | D:4      | Noticed a +0 dagger
  2417 | D:4      | Found a blossoming altar of Fedhas.
  2425 | D:4      | Noticed Menkaure
  2434 | D:4      | Killed Menkaure
  2434 | D:4      | Reached **** piety under Vehumet
  2435 | D:4      | Reached skill level 3 in Earth Magic
  2435 | D:4      | Reached XP level 7. HP: 55/62 MP: 8/8
  2462 | D:4      | Found an iron altar of Okawaru.
  2463 | D:4      | Found a shimmering blue altar of Sif Muna.
  2465 | D:4      | Found a hazy altar of Hepliaklqana.
  2465 | D:4      | Found an ornate altar of the Wu Jian Council.
  2466 | D:4      | Found a radiant altar of Vehumet.
  2472 | D:4      | Found an opulent altar of Gozag.
  2881 | D:5      | Entered Level 5 of the Dungeon
  3100 | D:5      | Offered knowledge of Olgreb's Toxic Radiance by Vehumet.
  3106 | D:5      | Learned a level 4 spell: Olgreb's Toxic Radiance
  3396 | D:5      | Reached XP level 8. HP: 45/69 MP: 10/10
  3470 | D:5      | Reached skill level 5 in Dodging
  3480 | D:5      | Found a shadowy altar of Dithmenos.
  3498 | D:5      | Reached skill level 4 in Earth Magic
  4071 | D:6      | Reached skill level 1 in Poison Magic
  4139 | D:6      | Reached skill level 5 in Axes
  4360 | D:6      | Found a sand-covered staircase.
  4366 | Ossuary  | Entered an ossuary
  4533 | Ossuary  | Reached ***** piety under Vehumet
  4607 | Ossuary  | Offered knowledge of Yara's Violent Unravelling by Vehumet.
  4658 | Ossuary  | Reached skill level 5 in Earth Magic
  4736 | Ossuary  | Gained mutation: Your spells are a little easier to cast,
                  | but a little less powerful. [potion of mutation]
  4736 | Ossuary  | Gained mutation: You sometimes lose the ability to read
                  | scrolls when taking damage. [potion of mutation]
  4737 | Ossuary  | Lost mutation: Your spells are a little easier to cast, but
                  | a little less powerful. [potion of mutation]
  4737 | Ossuary  | Lost mutation: You sometimes lose the ability to read
                  | scrolls when taking damage. [potion of mutation]
  4737 | Ossuary  | Gained mutation: You are dopey. (Int -2) [potion of
                  | mutation]
  4822 | D:7      | Noticed a hornet
  4864 | D:6      | Killed a hornet
  4865 | D:6      | Gained mutation: You passively map the area around you.
                  | [Deep Dwarf growth]
  4865 | D:6      | Reached XP level 9. HP: 19/78 MP: 10/10
  4943 | D:7      | Found a staircase to the Ecumenical Temple.
  5097 | D:7      | Reached skill level 5 in Stealth
  5097 | D:7      | Reached skill level 1 in Conjurations
  5124 | D:7      | Reached skill level 5 in Shields
  5161 | D:7      | Reached skill level 6 in Earth Magic
  5527 | D:8      | Found Wotiv's Weapon Boutique.
  5615 | D:8      | Identified the +7 quarterstaff "Newtbane" {flame, rElec
                  | Will- Str+8}
  5806 | D:8      | Offered knowledge of Ozocubu's Refrigeration by Vehumet.
  5896 | D:8      | Reached XP level 10. HP: 17/85 MP: 10/10
  6078 | D:9      | Noticed a boulder beetle
  6086 | D:9      | HP: 2/85 [boulder beetle (25)]
  6099 | D:9      | Killed a boulder beetle
  6100 | D:9      | Reached skill level 7 in Earth Magic
  6206 | D:9      | Noticed a cyan ugly thing
  6261 | D:9      | Killed a cyan ugly thing
  6280 | D:9      | Reached skill level 5 in Evocations
  6415 | D:9      | Reached skill level 5 in Spellcasting
  6422 | D:9      | Reached skill level 8 in Earth Magic
  6447 | D:9      | Learned a level 4 spell: Flame Wave
  6617 | D:9      | Found a staircase to the Orcish Mines.
  6687 | D:9      | Found a staircase to the Lair.
  6897 | Lair:1   | Entered Level 1 of the Lair of Beasts
  6897 | Lair:1   | Noticed a black mamba
  6905 | Lair:1   | Killed a black mamba
  6906 | Lair:1   | Reached XP level 11. HP: 29/92 MP: 8/8
  7127 | Lair:1   | Noticed a six-headed hydra
  7137 | Lair:1   | Killed a six-headed hydra
  7143 | Lair:1   | Learned a level 2 spell: Wereblood
  7174 | Lair:1   | HP: 3/92 [yak (12)]
  7230 | Lair:1   | Noticed a five-headed hydra
  7323 | Lair:1   | Found a runed translucent gate.
  7324 | Lair:1   | Found a runed translucent gate.
  7325 | Lair:1   | Found a runed translucent gate.
  7325 | Lair:1   | Noticed croobank's ghost (novice FeDe)
  7326 | Lair:1   | Noticed nickcage's ghost (novice MiFi)
  7326 | Lair:1   | Noticed Jenx's ghost (novice GrFi)
  7327 | Lair:1   | Noticed croobank's ghost (journeyman GrFE)
  7386 | Lair:1   | Killed croobank's ghost
  7387 | Lair:1   | Reached skill level 1 in Transmutations
  7387 | Lair:1   | Reached skill level 9 in Earth Magic
  7432 | Lair:1   | Killed Jenx's ghost
  7444 | Lair:1   | Demolished by nickcage's ghost

Illustrated notes

Levels and vault maps discovered:
D:1:      amcnicky_arrival_double_pillar, layout_basic,
          ebering_ecumenical_altar_hall
D:2:      layout_rooms, minmay_fractal_squares_gapless_5
D:3:      layout_loops_corners, tso_oasis_becter
D:4:      layout_basic, dancing_weapons_uskayaw,
          nicolae_overflow_hallway_of_the_gods, serial_undead, serial_undead_d,
          serial_undead_e, serial_undead_b, serial_undead_f,
          minmay_manual_monstrance, uniq_sigmund, uniq_menkaure
D:5:      layout_loops_corners, grunt_dithmenos_smoke
D:6:      layout_cave_pools, nicolae_ossuary_entry_plus, kennysheep_path_1,
          grunt_ministairs_6, nicolae_lava_and_water
D:7:      layout_gridville, minmay_temple_entry_butterflies, amethyst_killhole,
          chequers_mini_garden
D:8:      layout_cave_pools, serial_shops, kennysheep_little_box
D:9:      minmay_opposing_rooms, layout_basic, minmay_lair_entry_grove,
          orc_0_dummy
Lair:1:   layout_concentric_octagons, gammafunk_ghost_cemetery,
          lemuel_fruit_fields, lemuel_fruit_tree

Skill      XL: |  1  2  3  4  5  6  7  8  9 10 11 |
---------------+----------------------------------+-----
Invocations    | 1 2 3 |  3.0
Shields        | 1 2 3 4 5 6 7 |  7.7
Armour         | 1 2 3 |  3.0
Earth Magic    | 1 2 3 5 6 8 9 |  9.1
Fighting       | 3 4 |  4.3
Dodging        | 4 5 6 7 8 |  8.5
Spellcasting   | 1 2 3 4 5 |  5.9
Evocations     | 1 2 3 4 5 |  5.6
Stealth        | 3 4 5 6 |  6.5
Fire Magic     | 1 2 3 |  3.9
Axes           | 4 5 6 7 8 |  8.1
Poison Magic   | 1 2 3 |  3.0
Conjurations   | 1 2 3 |  3.0
Transmutations | 1 |  1.2

Action                   |  1- 3 |  4- 6 |  7- 9 | 10-12 || total
-------------------------+-------+-------+-------+-------++-------
Melee: Hand axe          |   133 |    50 |    31 |       ||   214
       Punch             |       |       |     2 |       ||     2
       War axe           |       |       |   167 |   227 ||   394
Throw: Dart              |       |     3 |       |     6 ||     9
 Cast: Sandblast         |     5 |    16 |    47 |    62 ||   130
       Scorch            |       |    31 |   160 |    30 ||   221
       Olgreb's Toxic Ra |       |       |     1 |     3 ||     4
       Flame Wave        |       |       |       |    11 ||    11
       Wereblood         |       |       |       |     4 ||     4
 Abil: Heal Wounds       |     1 |     4 |    19 |    38 ||    62
Evoke: Wand              |       |       |       |     1 ||     1
       Box of beasts     |       |       |       |     1 ||     1
  Use: Scroll            |       |     4 |    10 |     8 ||    22
       Potion            |       |       |     5 |     3 ||     8
 Stab: Sleeping          |     7 |     2 |     1 |       ||    10
Armor: Robe              |    12 |    13 |    65 |    49 ||   139
       Leather armour    |    19 |       |       |       ||    19
Dodge: Dodged            |   105 |    42 |   261 |   237 ||   645
Block: Buckler           |       |       |    53 |   100 ||   153
